 Dungeon Crawl Stone Soup version 0.28.0-53-g5a82cb258f (webtiles) character file.

Game seed: 10208246291420736938

124 Stomo the Skirmisher (level 4, -1/36 HPs)
             Began as a Demonspawn Gladiator on July 4, 2022.
             Slain by a yak (13 damage)
             ... on level 3 of the Dungeon.
             The game lasted 00:02:52 (3207 turns).

Stomo the Skirmisher (Demonspawn Gladiator)         Turns: 3207, Time: 00:02:52

Health: -1/36      AC:  5    Str: 16    XL:     4   Next: 81%
Magic:  4/4        EV: 12    Int: 10    God:
Gold:   152        SH:  0    Dex: 14    Spells: 3/3 levels left

rFire   . . .      SeeInvis .   e - +1 falchion (drain)
rCold   . . .      Faith    .   (no shield)
rNeg    . . .      Spirit   .   b - +0 leather armour
rPois   .          Reflect  .   c - +0 helmet
rElec   .          Harm     .   (no cloak)
rCorr   .          Rampage  .   r - +0 pair of gloves
Will    .....                   (no boots)
Stlth   +.........              (no amulet)
HPRegen 0.12/turn               (no ring)
MPRegen 0.18/turn               (no ring)

@: about to teleport
A: magic regeneration
a: no special abilities


You were on level 3 of the Dungeon.
You visited 1 branch of the dungeon, and saw 4 of its levels.

You collected 152 gold pieces.

Inventory:

Hand Weapons
 a - a +0 rapier
 e - a +1 falchion of draining (weapon)
 l - a +2 dagger of venom
Missiles
 d - 3 throwing nets (quivered)
Armour
 b - a +0 leather armour (worn)
 c - a +0 helmet (worn)
 r - a +0 pair of gloves (worn)
Wands
 q - a wand of flame (18)
Scrolls
 f - a scroll of magic mapping
 i - 4 scrolls of identify
 j - a scroll of noise
 n - a scroll of brand weapon {unknown}
 o - a scroll of amnesia {unknown}
Potions
 h - a potion of mutation {unknown}
 k - a potion of degeneration {unknown}
 m - a potion of curing {unknown}
 p - a potion of resistance {unknown}


   Skills:
 + Level 3.6 Fighting
 + Level 3.0 Short Blades
 - Level 1.7 Throwing
 + Level 1.8 Armour
 + Level 3.4 Dodging


You had 3 spell levels left.
You didn't know any spells.
Your spell library contained the following spells:

 Spells                   Type           Power      Damage    Failure   Level
 Stone Arrow              Conj/Erth      0%         3d7       80%         3
 Animate Armour           Summ/Erth      0%         N/A       99%         4
 Lehudib's Crystal Spear  Conj/Erth      0%         10d2      100%        8


Dungeon Overview and Level Annotations

Branches:
Dungeon (4/15)
 Temple: D:4-7

Altars:
Dithmenos
Xom

Portals:
Abyss: D:3

Annotations:
D:3 2 transporters, Ghugh's ghost, weakling MiAK
D:4 Menkaure


Innate Abilities, Weirdness & Mutations

You regenerate magic rapidly.


Message History

Okay, then.
Unknown command.
The ufetubus shouts!
You see here 25 bolts.
There is a stone staircase leading down here.
You climb downwards.
Level annotation: Menkaure The yak bellows! x4
The scorpion stings you!
Found a viscous emerald potion and 17 sling bullets.
Found a stone staircase leading down.
There is a stone staircase leading up here.
Unknown command.
Unknown command.
The yak gores you but does no damage. The scorpion misses you.
You climb upwards.
Level annotation: 2 transporters, Ghugh's ghost, weakling MiAK
There is a stone staircase leading down here.
Unknown command.
As you read the scroll labelled BOECKE JUBIPLEUGG, it crumbles to dust.
You feel aware of your surroundings.
It was a scroll of magic mapping.
The yak gores you. x2; The scorpion barely misses you.
The yak closely misses you.
Unknown command.
As you read the scroll of magic mapping, it crumbles to dust.
You feel momentarily disoriented. The yak gores you. x2
The scorpion stings you! The yak gores you but does no damage.
Unknown command.
As you read the scroll labelled JYITUE KIRUOL, it crumbles to dust.
You feel strangely unstable.
It was a scroll of teleportation.
The scorpion misses you. The yak gores you but does no damage.
The yak gores you. The yak misses you.
As you read the scroll labelled FER VYTROMA, it crumbles to dust.
It is a scroll of identify.
j - a scroll of noise The scorpion completely misses you.
The yak barely misses you. The yak gores you.
The scorpion stings you but does no damage.
The yak gores you!
You die...

#<.....(..........
#...######........
#...# ###......
#####.## #.##...
##.....## #.###..
##.......## #.# #..
#....(....# #.# ##.
#....Y.Y..# #.# #.
#....Y@...# #.# #.
#......s..# #.# #.
#.........#######.# #.
#.............>...####.
#.........#.........##.
#.........####.#.......
#..............####....
#.........##...####....
##.........#...........


You could see 3 yaks and a scorpion.

Vanquished Creatures
  A hound (D:3)
  Ijyb (D:3)
  2 adders (D:2)
  3 dart slugs
  2 worms
  4 ball pythons
  4 endoplasms
  2 giant cockroaches
  2 goblins (D:2)
  4 hobgoblins
  3 kobolds
  9 bats
  6 frilled lizards
  3 rats (D:1)
46 creatures vanquished.

Vanquished Creatures (others)
  3 plants (D:1)
3 creatures vanquished.

Grand Total: 49 creatures vanquished

Notes
Turn   | Place    | Note
-------+----------+-------------------------------------------
     0 | D:1      | Stomo the Demonspawn Gladiator began the quest for the Orb.
     0 | D:1      | Reached XP level 1. HP: 16/16 MP: 1/1
   352 | D:1      | Found a faded altar of an unknown god.
   427 | D:1      | Gained mutation: You regenerate magic rapidly. [demonic
                  | ancestry]
   427 | D:1      | Reached XP level 2. HP: 20/23 MP: 2/2
  1184 | D:2      | Reached skill level 1 in Armour
  1184 | D:2      | Reached XP level 3. HP: 20/29 MP: 3/3
  1800 | D:2      | You fall into a shaft and drop 1 floor!
  1868 | D:3      | Found a one-way gate to the infinite horrors of the Abyss.
  1868 | D:3      | Noticed Ghugh's ghost (weakling MiAK)
  1877 | D:3      | Found a transporter.
  1908 | D:3      | Found a transporter.
  2122 | D:3      | Reached XP level 4. HP: 23/35 MP: 4/4
  2262 | D:3      | Found a shadowy altar of Dithmenos.
  2320 | D:3      | Noticed Ijyb
  2338 | D:3      | HP: 1/35 [Ijyb/puff of flame (7)]
  2339 | D:3      | Killed Ijyb
  2844 | D:4      | Found a shimmering altar of Xom.
  2919 | D:4      | Noticed Menkaure
  3201 | D:4      | Noticed a scorpion
  3201 | D:4      | Noticed a yak
  3201 | D:4      | Noticed a yak
  3201 | D:4      | Noticed a yak
  3201 | D:4      | Noticed a yak
  3201 | D:4      | Noticed a yak
  3207 | D:3      | Slain by a yak

Illustrated notes

Levels and vault maps discovered:
D:1:      dpeg_arrival_oval, layout_loops_ring, shapermc_ecumenical_altar_venn,
          serial_bayou_pond_e
D:2:      layout_basic
D:3:      layout_rooms, grunt_dithmenos_smoke, gammafunk_ghost_abyssal_escape,
          uniq_ijyb
D:4:      layout_basic, mainiacjoe_overflow_surrounded_room,
          brannock_xom_greatest_gift, minmay_temple_entry_stoned_glass,
          uniq_menkaure, uniq_sigmund

Skill      XL: |  1  2  3  4 |
---------------+-------------+-----
Dodging        | 3 |  3.4
Fighting       | 3 |  3.6
Armour         | 1 |  1.8
Short Blades   | 3 |  3.0
Throwing       | |  1.7

Action                   |  1- 3 |  4- 6 || total
-------------------------+-------+-------++-------
Melee: Rapier            |    99 |       ||    99
       Dagger            |    27 |    16 ||    43
  Use: Scroll            |       |     4 ||     4
Armor: Leather armour    |    48 |     5 ||    53
Dodge: Dodged            |    83 |    14 ||    97
